 Dungeon Crawl Stone Soup version 0.29-a0-824-gd827844252 (webtiles) character file.

Game seed: 9696827005100662622

158 avis the Chiller (level 4, 0/38 HPs)
             Began as a Demigod Ice Elementalist on July 9, 2022.
             Slain by an orc
             ... wielding a +0 short sword
              (1 damage)
             ... on level 3 of the Dungeon.
             The game lasted 00:12:16 (3730 turns).

avis the Chiller (Demigod Ice Elementalist)         Turns: 3730, Time: 00:12:16

Health: 0/38       AC:  9    Str:  9    XL:     4   Next: 94%
Magic:  7/9        EV: 12    Int: 17    God:
Gold:   152        SH:  0    Dex: 18    Spells: 3/7 levels left

rFire   . . .      SeeInvis .   a - +1 dagger (venom)
rCold   . . .      Faith    .   (no shield)
rNeg    . . .      Spirit   .   d - +0 robe
rPois   .          Reflect  .   h - +0 helmet
rElec   .          Harm     .   (no cloak)
rCorr   .          Rampage  .   (no gloves)
Will    .....                   (no boots)
Stlth   ++........              (no amulet)
HPRegen 0.12/turn               (no ring)
MPRegen 0.11/turn               (no ring)

@: ice-armoured, attractive
A: high MP 1, forlorn, divine attributes
a: no special abilities


You were on level 3 of the Dungeon.
You visited 1 branch of the dungeon, and saw 4 of its levels.

You collected 152 gold pieces.

Inventory:

Hand Weapons
 a - a +1 dagger of venom (weapon)
 b - a +0 sling
 i - a +3 whip
Missiles
 k - a throwing net
Armour
 d - a +0 robe (worn)
 h - a +0 helmet (worn)
Jewellery
 l - a ring of fire
Scrolls
 e - a scroll of fog {unknown}
 f - 2 scrolls of vulnerability {unknown}
 g - 5 scrolls of identify {unknown}
 j - 4 scrolls of blinking {unknown}
 p - 2 scrolls of magic mapping {unknown}
 t - a scroll of noise {unknown}
Potions
 c - a potion of attraction
 m - a potion of degeneration {unknown}
 n - a potion of magic
 o - a potion of curing {unknown}
 q - a potion of lignification {unknown}
 r - a potion of haste {unknown}


   Skills:
 - Level 3.0 Fighting
 - Level 2.0 Armour
 - Level 2.0 Dodging
 - Level 2.0 Stealth
 * Level 2.0 Spellcasting
 - Level 4.0 Ice Magic


You had 3 spell levels left.
You knew the following spells:

 Your Spells              Type           Power      Damage    Failure   Level
a - Freeze                Ice            60%        1d8       3%          1
o - Ozocubu's Armour      Ice            15%        N/A       11%         3

Your spell library contained the following spells:

 Spells                   Type           Power      Damage    Failure   Level
 Frozen Ramparts          Ice            30%        1d5       11%         3
 Summon Small Mammal      Summ           4%         N/A       19%         1
 Call Canine Familiar     Summ           1%         N/A       50%         3
 Summon Guardian Golem    Hex/Summ       1%         N/A       50%         3
 Hailstorm                Conj/Ice       8%         3d4       63%         4


Dungeon Overview and Level Annotations

Branches:
Dungeon (4/15)
 Temple: D:4-7


Innate Abilities, Weirdness & Mutations

You have an increased reservoir of magic. (+10% MP)
You shall have no god before yourself.
Your divine heritage dramatically boosts your attributes as you level up.


Message History

The orc hits you but does no damage. The orc hits you with a +0 hand axe.
* * * LOW HITPOINT WARNING * * *
It was a potion of attraction.
You feel attractive to monsters. The orc closely misses you.
The orc hits you but does no damage. The orc closely misses you.
It was a potion of heal wounds.
You feel much better. The orc completely misses you.
The orc hits you but does no damage. The orc hits you with a +0 hand axe.
You hit the orc.
The orc is poisoned.
The orc is heavily wounded.
The orc closely misses you. The orc hits you with a +0 short sword.
The orc barely misses you.
You hit the orc but do no damage.
The orc looks even sicker.
The orc is almost dead.
The orc barely misses you. The orc hits you with a +0 short sword.
* * * LOW HITPOINT WARNING * * *
The orc barely misses you.
You hit the orc but do no damage.
The orc looks as sick as possible!
The orc is almost dead.
You kill the orc!
The orc barely misses you. The orc hits you but does no damage.
You closely miss the orc. The orc barely misses you.
The orc hits you with a +0 short sword.
* * * LOW HITPOINT WARNING * * *
You hit the orc but do no damage. The orc closely misses you.
The orc hits you but does no damage.
You hit the orc.
The orc is poisoned.
The orc is moderately wounded.
The orc misses you. The orc hits you but does no damage.
You closely miss the orc.
The orc is heavily wounded.
The orc closely misses you. The orc hits you with a +0 short sword.
* * * LOW HITPOINT WARNING * * *
You closely miss the orc.
The orc is heavily wounded.
The orc hits you with a +0 hand axe.
* * * LOW HITPOINT WARNING * * *
The orc hits you with a +0 short sword.
You die...

#..##.###### #.#.# #..##.#
#.>.. #...#.# ###.# #.#.#.#
#.# ##.#.#.## #.#
##.......####### #..
#......#.#.....# ###
#..##))#.#.###.# ##.
#..#.o@#.#.# #.# #..
#..#.#o#.#.###.#### #..
#.....{..#........# #.#
####.#######.####.# #.#
#.#######....#.# #.#
#.......#.##.#.###.#
###############.#.......##.#
######.......#
#.#.......##.#
.....#.#####.#
#.#.##.##.##.#


You could see 2 orcs.

Vanquished Creatures
  A jelly (D:2)
  Jessica (D:2)
  Robin (D:1)
  3 adders
  2 worms (D:3)
  2 dart slugs (D:1)
  2 orcs (D:3)
  5 endoplasms
  2 giant cockroaches (D:3)
  12 goblins
  7 hobgoblins
  3 jackals (D:2)
  A quokka (D:1)
  4 ball pythons
  2 bats
  3 frilled lizards
  2 kobolds (D:2)
  3 rats
56 creatures vanquished.

Notes
Turn   | Place    | Note
-------+----------+-------------------------------------------
     0 | D:1      | avis the Demigod Ice Elementalist began the quest for the
                  | Orb.
     0 | D:1      | Reached XP level 1. HP: 14/14 MP: 5/5
   811 | D:1      | Reached XP level 2. HP: 13/22 MP: 7/7
  1298 | D:1      | Reached skill level 1 in Fighting
  1450 | D:2      | Noticed Jessica
  1452 | D:2      | Killed Jessica
  1453 | D:2      | Reached XP level 3. HP: 29/29 MP: 8/8
  1508 | D:1      | Learned a level 3 spell: Ozocubu's Armour
  1516 | D:2      | Reached skill level 4 in Ice Magic
  1576 | D:2      | Noticed Robin
  1624 | D:1      | Reached skill level 1 in Armour
  1759 | D:1      | Killed Robin
  1944 | D:2      | Reached XP level 4. HP: 23/36 MP: 9/9
  3730 | D:3      | HP: 1/38 [orc/+0 hand axe (4)]
  3730 | D:3      | Slain by an orc

Illustrated notes

Levels and vault maps discovered:
D:1:      eino_arrival_water_cross, layout_basic,
          dreamdust_ecumenical_altar_angels_and_demons
D:2:      layout_loops_ring, basic_altar, uniq_jessica, uniq_robin
D:3:      layout_loops_cross
D:4:      layout_cave_pools, mainiacjoe_overflow_large_starburst

Skill      XL: |  1  2  3  4 |
---------------+-------------+-----
Stealth        | 2 |  2.0
Spellcasting   | 2 |  2.0
Fighting       | 2 3 |  3.0
Ice Magic      | 4 |  4.0
Dodging        | 2 |  2.0
Armour         | 1 2 |  2.0

Action                   |  1- 3 |  4- 6 || total
-------------------------+-------+-------++-------
Melee: Dagger            |    59 |    69 ||   128
 Fire: Sling             |       |    18 ||    18
 Cast: Freeze            |    15 |       ||    15
       Ozocubu's Armour  |     5 |     5 ||    10
  Use: Potion            |       |     2 ||     2
 Stab: Sleeping          |     4 |     3 ||     7
Armor: Robe              |    25 |    19 ||    44
Dodge: Dodged            |    60 |    64 ||   124

Table legend: (Time is in decaauts)
 A = Elapsed time spent in this place.
 B = Non-inter-level travel time spent in this place.
 C = Inter-level travel time spent in this place.
 D = Time resting spent in this place.
 E = Time spent auto-exploring this place.
 F = Levels seen in this place.
 G = Mean time per level.
                   A        B        C        D        E       F      G
               +--------+--------+--------+--------+--------+-----+--------+
         Total |   3736 |   3405 |    331 |   1140 |   1753 |   4 |  934.0 |
       Dungeon |   3736 |   3405 |    331 |   1140 |   1753 |   4 |  934.0 |
               +--------+--------+--------+--------+--------+-----+--------+

Top non-repeatable levels by time:
     D:1: 1854 daAuts
     D:2: 1108 daAuts
     D:3: 761 daAuts
     D:4: 12 daAuts
